 Dungeon Crawl Stone Soup version 0.23-a0-41-g8b50da7 (webtiles) character file.

1269 suicidejoker the Bolt Thrower (level 8, -7/56 HPs)
             Began as an Octopode Hunter on Aug 6, 2018.
             Was an Initiate of Gozag.
             Mangled by an orc warrior
             ... wielding a +0 dire flail
              (17 damage)
             ... on level 6 of the Dungeon.
             The game lasted 00:11:33 (6040 turns).

suicidejoker the Bolt Thrower (Octopode Hunter)     Turns: 6040, Time: 00:11:34

Health: -7/56      AC:  1    Str: 13    XL:     8   Next: 53%
Magic:  8/8        EV: 11    Int: 13    God:    Gozag
Gold:   831        SH: 11    Dex: 13    Spells: 7/7 levels left

rFire    . . .     SeeInvis .   a - +1 hand crossbow
rCold    + . .     Gourm    .   A - +0 large shield
rNeg     . . .     Faith    .   (helmet restricted)
rPois    .         Spirit   .   (no amulet)
rElec    .         Reflect  .   v - ring of protection from fire
rCorr    .         Harm     .   q - ring of ice
MR       .....                  (no ring)
Stlth    ++++......             (no ring)
HPRegen  0.18/turn              (no ring)
MPRegen  0.11/turn              (no ring)
                                (no ring)
                                (no ring)

@: no status effects
A: almost no armour, stealthy swim, amphibious, 8 rings, constrict 8, camouflage
1, gelatinous body 1
a: Potion Petition, Call Merchant, Bribe Branch, Renounce Religion


You were on level 6 of the Dungeon.
You worshipped Gozag.
Gozag was pleased with you.
You were not hungry.

You visited 1 branch of the dungeon, and saw 6 of its levels.
You also visited: Sewer.

You collected 855 gold pieces.
You paid 24 gold pieces to Gozag.

Inventory:

Hand Weapons
 a - a +1 hand crossbow (weapon)
 b - a +3 dagger
 r - a +0 blowgun
 y - a cursed -1 hand axe
Missiles
 c - 21 bolts (quivered)
 h - 262 stones
 o - 61 arrows
 p - 67 sling bullets
 s - 41 poisoned needles
Armour
 A - a +0 large shield (worn)
Jewellery
 q - a ring of ice (right tentacle)
 v - a ring of protection from fire (left tentacle)
Wands
 g - a wand of flame (5)
Scrolls
 f - a scroll of teleportation
 j - 2 scrolls of enchant armour
 l - 5 scrolls of remove curse
 u - a scroll of magic mapping
 w - 2 scrolls of identify
 x - a scroll of immolation
Potions
 e - a potion of agility
 k - a potion of flight
 m - a potion of magic
 n - a potion of resistance
Comestibles
 d - 2 rations


   Skills:
 * Level 5.5 Fighting
 * Level 6.6 Crossbows
 * Level 5.4 Dodging
 + Level 5.3 Stealth
 * Level 1.7 Shields


You had 7 spell levels left.
You didn't know any spells.
Your spell library contained the following spells:

 Spells                   Type           Power        Failure   Level  Hunger
 Animate Dead             Necr           N/A          100%        4    #####..
 Pain                     Necr           #...         99%         1    ##.....
 Animate Skeleton         Necr           N/A          99%         1    ##.....
 Vampiric Draining        Necr           #.........   100%        3    ####...
 Regeneration             Chrm/Necr      #.........   100%        3    ####...


Dungeon Overview and Level Annotations

Branches:
Dungeon (6/15)             Temple (0/1) D:4

Altars:
Dithmenos
Elyvilon
Gozag
Hepliaklqana
Okawaru
Qazlal
Ru
Wu Jian

Annotations:
D:1 1 runed door


Innate Abilities, Weirdness & Mutations

You cannot wear most types of armour.
You are very stealthy in the water. (Stealth+)
You are amphibious.
You can wear up to eight rings at the same time.
You can use your tentacles to constrict eight enemies at once.
Your skin changes colour to match your surroundings (Stealth+).
Your rubbery body absorbs attacks. (AC +1, EV +1)


Message History

You are too injured to fight recklessly!
You are too injured to fight recklessly!
You are too injured to fight recklessly!
You are too injured to fight recklessly!
You are too injured to fight recklessly!
You are too injured to fight recklessly!
You are too injured to fight recklessly!
You are too injured to fight recklessly!
You are too injured to fight recklessly!
You are too injured to fight recklessly!
You are too injured to fight recklessly!
There is a stone staircase leading up here.
As you read the scroll labeled RUSISO SEKOSIYGG, it crumbles to dust.
The scroll dissolves into smoke.
It was a scroll of fog.
As you read the scroll labeled XITWAIMAHO, it crumbles to dust.
You hear a very strange noise.
It was a scroll of random uselessness.
The orc warrior hits you with a dire flail!
You die...
Your body crumbles into a pile of gold.

##....>...
#.....((.
.......(# # #.#
#.##.# #....# .
####.#
...###.§#####.#.#
.......§o@§§$...#
..####.§#####.#.#
#..# .....
###..## #..# #..#
#!.# ...#


You could see an orc warrior.

Vanquished Creatures
  Grinder (D:6)
  Menkaure (D:5)
  A phantom (D:5)
  An ogre (D:3)
  A big kobold (Sewer)
  2 howler monkeys (D:4)
  3 crimson imps
  A hound (D:5)
  A jelly (D:4)
  2 orc priests
  5 orc wizards
  2 worker ants
  A gnoll (D:1)
  5 river rats
  4 adders
  A shadow imp (D:5)
  An adder skeleton (D:4)
  3 worms
  4 dart slugs
  7 leopard geckos
  17 orcs
  9 giant cockroaches
  5 goblins
  4 hobgoblins
  11 jackals
  7 kobolds
  3 quokkas
  2 ball pythons
  4 bats
  2 frilled lizards
  A leopard gecko skeleton (D:4)
  A quokka skeleton (D:4)
  7 rats
120 creatures vanquished.

Notes
Turn   | Place    | Note
-------+----------+-------------------------------------------
     0 | D:1      | suicidejoker the Octopode Hunter began the quest for the Orb.
     0 | D:1      | Reached XP level 1. HP: 14/14 MP: 1/1
     2 | D:1      | Found a runed door.
    99 | D:1      | Reached XP level 2. HP: 19/19 MP: 2/2
   540 | D:1      | Reached XP level 3. HP: 23/25 MP: 3/3
  1510 | D:2      | Reached XP level 4. HP: 30/30 MP: 4/4
  1830 | D:2      | Found an ornate altar of the Wu Jian Council.
  1830 | D:2      | Found an opulent altar of Gozag.
  1835 | D:2      | Became a worshipper of Gozag Ym Sagoz the Greedy
  2280 | D:3      | Noticed an ogre
  2285 | D:3      | Killed an ogre
  2285 | D:3      | Reached XP level 5. HP: 36/36 MP: 5/5
  2465 | D:3      | Reached skill level 5 in Crossbows
  2514 | D:3      | Found a glowing drain.
  2518 | Sewer    | Entered a sewer
  2525 | Sewer    | Reached XP level 6. HP: 25/42 MP: 6/6
  3002 | Sewer    | Found a white marble altar of Elyvilon.
  3139 | D:3      | Found a sacrificial altar of Ru.
  3142 | D:3      | Found an iron altar of Okawaru.
  3145 | D:3      | Found a stormy altar of Qazlal.
  3314 | D:3      | Found a white marble altar of Elyvilon.
  3549 | D:3      | Found a hazy altar of Hepliaklqana.
  3774 | D:4      | Reached XP level 7. HP: 44/48 MP: 7/7
  4340 | D:4      | Found a staircase to the Ecumenical Temple.
  4603 | D:5      | Entered Level 5 of the Dungeon
  4634 | D:5      | Found a white marble altar of Elyvilon.
  4709 | D:5      | Reached skill level 6 in Crossbows
  4796 | D:5      | Found a shadowy altar of Dithmenos.
  4812 | D:5      | Reached skill level 5 in Fighting
  4818 | D:5      | Reached skill level 5 in Dodging
  4818 | D:5      | Reached XP level 8. HP: 41/55 MP: 8/8
  5112 | D:5      | HP: 2/55 [orc/flail (8)]
  5469 | D:5      | Noticed Menkaure
  5475 | D:5      | Killed Menkaure
  5475 | D:5      | Reached skill level 5 in Stealth
  5707 | D:6      | Noticed Grinder
  5710 | D:6      | Reached skill level 1 in Shields
  5712 | D:6      | Paralysed by Grinder for 5 turns
  5719 | D:6      | Paralysed by Grinder for 7 turns
  5733 | D:6      | Killed Grinder
  6040 | D:6      | Mangled by an orc warrior

Vault maps used:
D:1:      dpeg_arrival_caged_fury
D:2:      gammafunk_temple_overflow_elements, minivault_4
D:3:      grunt_temple_overflow_cloverleaf, lemuel_round_altar,
          gup_sewer_entry_spiral
D:4:      minmay_temple_entry_hall, hangedman_decor_lopped,
          grunt_decor_arrowhead
D:5:      first_ration, basic_altar, nicolae_dithmenos_shadow_blocks,
          uniq_blork_the_orc, uniq_menkaure
D:6:      lemuel_crystal_altar, gammafunk_ghost_arena, uniq_sigmund,
          uniq_grinder
Sewer:    sewer_kobolds

Skill      XL: |  1  2  3  4  5  6  7  8 |
---------------+-------------------------+-----
Stealth        | 2 3 4 5 |  5.3
Fighting       | 3 4 5 |  5.5
Dodging        | 3 4 5 |  5.4
Crossbows      | 5 6 |  6.6
Shields        | 1 |  1.7

Action                   |  1- 3 |  4- 6 |  7- 9 || total
-------------------------+-------+-------+-------++-------
Melee: Short sword       |     1 |    30 |    29 ||    60
       Unarmed           |       |     9 |       ||     9
       Constrict         |       |     7 |    12 ||    19
       Tentacles         |       |     6 |    12 ||    18
       Dagger            |       |       |    39 ||    39
 Fire: Hand crossbow     |    61 |    98 |    76 ||   235
Evoke: Wand              |       |       |     6 ||     6
  Use: Scroll            |       |    11 |     6 ||    17
       Potion            |       |     5 |     3 ||     8
 Stab: Sleeping          |       |     5 |     3 ||     8
  Eat: Chunk             |     1 |     2 |       ||     3
       Ration            |       |     2 |     2 ||     4
Armor: Skin              |       |     7 |     6 ||    13
Dodge: Dodged            |    11 |    36 |    71 ||   118
Block: Large shield      |       |       |     5 ||     5

Table legend:
 A = Spawn XP
 B = Non-spawn XP
 C = Spawn XP percentage of total XP
 D = Spawn monster count
 E = Non-spawn monster count
 F = Spawn count percentage of total count
 G = Total turns spent on level
                    A         B        C        D         E        F      G
               +---------+---------+-------+---------+---------+-------+---------
         Total |       0 |    1813 |   0.0 |       0 |     120 |   0.0 |  6040
               +---------+---------+-------+---------+---------+-------+---------
           D:1 |       0 |      38 |   0.0 |       0 |      13 |   0.0 |  1109
           D:2 |       0 |      56 |   0.0 |       0 |      21 |   0.0 |   776
           D:3 |       0 |     315 |   0.0 |       0 |      28 |   0.0 |  1249
           D:4 |       0 |     272 |   0.0 |       0 |      17 |   0.0 |  1236
           D:5 |       0 |     653 |   0.0 |       0 |      26 |   0.0 |  1101
           D:6 |       0 |     315 |   0.0 |       0 |       2 |   0.0 |    53
         Sewer |       0 |     164 |   0.0 |       0 |      13 |   0.0 |   516
               +---------+---------+-------+---------+---------+-------+---------
